 Dungeon Crawl Stone Soup version 0.29-a0-823-gc37b1572da (webtiles) character file.

Game seed: 11302235672649401688

11 LynnLen the Sneak (level 2, 0/15 HPs)
             Began as a Vampire Enchanter on July 8, 2022.
             Slain by a kobold
             ... wielding a +0 short sword
              (4 damage)
             ... on level 1 of the Dungeon.
             The game lasted 00:02:55 (1181 turns).

LynnLen the Sneak (Vampire Enchanter)               Turns: 1181, Time: 00:02:55

Health: 0/15       AC:  2    Str:  7    XL:     2   Next: 13%
Magic:  5/5        EV: 12    Int: 17    God:
Gold:   0          SH:  0    Dex: 14    Spells: 5/5 levels left

rFire   . . .      SeeInvis +   a - +1 dagger
rCold   + + .      Faith    .   (no shield)
rNeg    + + +      Spirit   .   b - +0 robe
rPois   ∞          Reflect  .   (no helmet)
rElec   .          Harm     .   (no cloak)
rCorr   .          Rampage  .   (no gloves)
Will    .....                   (no boots)
Stlth   +++++.....              (no amulet)
HPRegen 0.00/turn               (no ring)
MPRegen 0.09/turn               (no ring)

@: bloodless, inhibited regen, invisible
A: bloodless, fangs 3, see invisible, vampiric 1
a: Revivify


You were on level 1 of the Dungeon.
You visited 1 branch of the dungeon, and saw 1 of its levels.

Inventory:

Hand Weapons
 a - a +1 dagger (weapon)
Armour
 b - a +0 robe (worn)
Jewellery
 i - an amulet of the acrobat
Scrolls
 d - a scroll of identify
 f - a scroll of poison {unknown}
 g - a scroll of fear {unknown}
 h - a scroll of immolation {unknown}
Potions
 e - a potion of mutation


   Skills:
 - Level 1.1 Short Blades
 + Level 2.3 Dodging
 * Level 5.2 Stealth
 + Level 2.0 Spellcasting
 + Level 4.5 Hexes


You had 5 spell levels left.
You didn't know any spells.
Your spell library contained the following spells:

 Spells                   Type           Power      Damage    Failure   Level
 Confusing Touch          Hex            17%        N/A       9%          3
 Tukima's Dance           Hex            17%        N/A       9%          3
 Ensorcelled Hibernation  Hex/Ice        18%        N/A       12%         2
 Dazzling Flash           Conj/Hex       18%        N/A       22%         3


Dungeon Overview and Level Annotations

Branches:
Dungeon (1/15)

Altars:

Shops:
D:1 :


Innate Abilities, Weirdness & Mutations

You do not regenerate when monsters are visible.
You are frail without blood (-20% HP).
You can heal yourself when you bite living creatures.
You are immune to poison.
You have razor-sharp teeth.
You have supernaturally acute eyesight. (SInv)
You are afflicted with vampirism.


Message History

The kobold is severely wounded.
The kobold closely misses you.
You hit the kobold.
You kill the kobold!
You start resting.
HP restored.
Things that are here:
a +0 short sword; 5 stones; a kobold corpse
There is an open door here.
There is an open door here.
You open the door.
A ball python comes into view.
There is an open door here.
The helpless ball python fails to defend itself.
You bite the ball python, and draw its blood!
You impale the ball python!!
You kill the ball python!
Found 4 stones.
Found a lumpy peridot amulet.
i - an amulet of the acrobat You open the door.
There is an open door here.
A kobold comes into view. It is wielding a +0 short sword.
A kobold is nearby!
A rat comes into view.
Found a quarterstaff.
The kobold shouts!
You hit the kobold.
The kobold is moderately wounded.
The kobold hits you with a +0 short sword.
You barely miss the kobold.
The kobold is moderately wounded.
The kobold hits you with a +0 short sword.
You hit the kobold but do no damage. Your bite misses the kobold.
The kobold is moderately wounded.
The kobold hits you with a +0 short sword.
* * * LOW HITPOINT WARNING * * *
You fade into invisibility!
The kobold hits you with a +0 short sword.
You die...

#..#.# #......# #.#
#..#.# #.####.# #.#
##.#.# #.#..#.#
########.# ...#.#
#.#..#.# #........#
####.#
#.#..#.###.########
#.# #.#..#.....#
#.# #.#.########
#.# #.#)r.....# #.#
#...@K....# ####.#
########### .....#
######


You could see a kobold (unable to see you) and a rat (unable to see you).

Vanquished Creatures
  2 ball pythons (D:1)
  A giant cockroach (D:1)
  2 kobolds (D:1)
  2 bats (D:1)
  A frilled lizard (D:1)
  3 rats (D:1)
11 creatures vanquished.

Notes
Turn   | Place    | Note
-------+----------+-------------------------------------------
     0 | D:1      | LynnLen the Vampire Enchanter began the quest for the Orb.
     0 | D:1      | Reached XP level 1. HP: 13/13 MP: 3/3
   191 | D:1      | Found Hudeaff's Vocational Training.
   488 | D:1      | Reached skill level 5 in Stealth
   746 | D:1      | Reached XP level 2. HP: 4/15 MP: 5/5
  1181 | D:1      | Slain by a kobold

Illustrated notes

Levels and vault maps discovered:
D:1:      sevenhm_arrival_forest_fort_large_2, layout_basic,
          nicolae_shop_vocational

Skill      XL: |  1 |
---------------+----+-----
Stealth        | 5 |  5.2
Short Blades   | |  1.1
Dodging        | |  2.3
Spellcasting   | |  2.0
Hexes          | |  4.5

Action                   || total
-------------------------++-------
Melee: Dagger            ||    37
       Bite              ||     5
 Abil: Exsanguinate      ||     1
  Use: Potion            ||     2
       Scroll            ||     1
 Stab: Sleeping          ||     5
Armor: Robe              ||     1
Dodge: Dodged            ||    23

Table legend: (Time is in decaauts)
 A = Elapsed time spent in this place.
 B = Non-inter-level travel time spent in this place.
 C = Inter-level travel time spent in this place.
 D = Time resting spent in this place.
 E = Time spent auto-exploring this place.
 F = Levels seen in this place.
 G = Mean time per level.
                   A        B        C        D        E       F      G
               +--------+--------+--------+--------+--------+-----+--------+
         Total |   1179 |   1179 |      0 |    466 |    471 |   1 | 1179.0 |
       Dungeon |   1179 |   1179 |      0 |    466 |    471 |   1 | 1179.0 |
               +--------+--------+--------+--------+--------+-----+--------+

Top non-repeatable levels by time:
     D:1: 1179 daAuts
